 Dungeon Crawl Stone Soup version 0.15.2 (webtiles) character file.

22533 Heini the Bludgeoner (level 12, -5/114 (117) HPs)
             Began as a Minotaur Fighter on Feb 3, 2015.
             Was the Champion of Okawaru.
             Killed by divine providence
             ... invoked by an orc priest
              (10 damage)
             ... on Level 4 of the Orcish Mines.
             The game lasted 00:47:18 (15620 turns).

Heini the Bludgeoner (Minotaur Fighter)            Turns: 15620, Time: 00:47:18

HP  -5/114 (117) AC 27     Str 25      XL: 12   Next: 63%
MP   5/5         EV  5     Int  5      God: Okawaru [******]
Gold 2268        SH 10     Dex 11      Spells:  0 memorised, 11 levels left

rFire  . . .     SeeInvis +     l - +1 morningstar (crush)
rCold  . . .     Clarity  .     Y - +4 plate armour {MR+}
rNeg   . . .     rCorr    .     c - +0 shield
rPois  +         rRot     .     S - +2 hat
rElec  .         Spirit   .     h - +2 cloak {rPois}
SustAb +         Warding  .     (no gloves)
rMut   .         Stasis   .     b - +0 pair of boots
Gourm  .                        (no amulet)
MR     +....                    r - ring of sustain abilities
                                P - ring of see invisible

@: somewhat resistant to hostile enchantments, extremely unstealthy
A: retaliatory headbutt, horns 2
a: Heroism, Finesse, Renounce Religion


You were on level 4 of the Orcish Mines.
You worshipped Okawaru.
Okawaru was exalted by your worship.
You were very hungry.

You visited 4 branches of the dungeon, and saw 18 of its levels.
You also visited: Sewer.

You collected 2268 gold pieces.

Inventory:

Hand weapons
 l - a +1 morningstar of crushing (weapon)
 y - a +0 dire flail
Missiles
 U - 6 steel tomahawks (quivered)
Armour
 b - a +0 pair of boots (worn)
 c - a +0 shield (worn)
 h - a +2 cloak of poison resistance (worn)
 S - a +2 hat (worn)
 Y - a +4 plate armour of magic resistance (worn)
Magical devices
 e - a wand of flame (0)
 k - a wand of cold (7) {unknown}
 n - a wand of slowing (15) {unknown}
 t - a wand of magic darts (8)
 w - a wand of cold (7) {unknown}
 z - a wand of digging (6) {unknown}
 A - a wand of polymorph (16)
 R - a wand of paralysis (11) {unknown}
 T - a wand of frost (12) {unknown}
Comestibles
 a - 2 rotting chunks of orc flesh
 d - 8 bread rations
 f - 10 meat rations
 m - a slice of pizza
 q - a royal jelly
 L - 4 fruits
 N - 2 beef jerkies
Scrolls
 s - 4 scrolls of remove curse
 v - a scroll of holy word {unknown}
 C - 3 scrolls of amnesia
 I - a scroll of blinking
 K - 2 scrolls of teleportation
 O - 3 scrolls of magic mapping
 V - a scroll of fear
Jewellery
 o - a +3 ring of intelligence
 r - a ring of sustain abilities (right hand)
 P - a ring of see invisible (left hand)
 X - an uncursed ring of ice {unknown}
Potions
 g - 8 potions of curing
 i - 2 potions of heal wounds
 j - a potion of cancellation
 p - a potion of mutation {unknown}
 u - 2 potions of restore abilities
 x - a potion of cure mutation
 D - 5 potions of might
 E - 4 potions of brilliance
 G - a potion of flight
 H - a potion of agility
 Q - 2 potions of haste {unknown}
Books
 B - a book of the Sky

   Spells                             Type                      Level
   Flight                             Charms/Air                   3
   Airstrike                          Air                          4
   Silence                            Hexes/Air                    5
   Deflect Missiles                   Charms/Air                   6
   Conjure Ball Lightning             Conjuration/Air              6
   Tornado                            Air                          9
 J - a book of the Earth

   Spells                             Type                      Level
   Leda's Liquefaction                Hexes/Earth                  4
   Bolt of Magma                      Conjuration/Fire/Earth       5
   Statue Form                        Transmutation/Earth          6
   Iron Shot                          Conjuration/Earth            6
   Shatter                            Earth                        9
 M - a book of Hinderance

   Spells                             Type                      Level
   Confusing Touch                    Hexes                        2
   Confuse                            Hexes                        3
   Petrify                            Transmutation/Earth          4
   Leda's Liquefaction                Hexes/Earth                  4
   Metabolic Englaciation             Hexes/Ice                    5
   Summon Mana Viper                  Hexes/Summoning              5
 W - a book of Flames

   Spells                             Type                      Level
   Flame Tongue                       Conjuration/Fire             1
   Throw Flame                        Conjuration/Fire             2
   Conjure Flame                      Conjuration/Fire             3
   Inner Flame                        Hexes/Fire                   3
   Sticky Flame                       Conjuration/Fire             4
   Fireball                           Conjuration/Fire             5


   Skills:
 * Level 14.1 Fighting
 * Level 15.3 Maces & Flails
 * Level 13.9 Armour
 - Level 3.6 Shields


You had 11 spell levels left.
You didn't know any spells.

Dungeon Overview and Level Annotations

Branches:
Dungeon (10/15)            Temple (1/1) D:6             Orc (4/4) D:10
    Elf (0/3) Orc:3          Lair (3/8) D:9
  Swamp: Lair:3-6    Shoals: Lair:3-6     Snake: Lair:3-6    Spider: Lair:3-6

Altars:
Ashenzari
Cheibriados
Dithmenos
Elyvilon
Fedhas
Kikubaaqudgha
Makhleb
Nemelex Xobeh
Okawaru
Qazlal
Sif Muna
Trog
Vehumet
Xom
Yredelemnul
Zin
The Shining One
Beogh

Shops:
D:8 *   Orc:3 }?(%   Orc:4 *([

Annotations:
D:8 exclusion: oklob sapling
Lair:3 Fannar


Innate Abilities, Weirdness & Mutations

You reflexively headbutt those who attack you in melee.
You have a pair of horns on your head.


Message History

* * * LOW HITPOINT WARNING * * *
The orc priest utters an invocation to Beogh.
You feel troubled.
You sock the gnoll! You headbutt the gnoll.
You kill the gnoll!
Okawaru accepts your kill. The orc hits you with a trident!
* * * LOW HITPOINT WARNING * * *
You closely miss the orc. The orc hits you but does no damage.
You puncture the orc!
You kill the orc!
Okawaru accepts your kill. You block the gnoll's attack.
The orc priest invokes the aid of Beogh against you.
Something smites you!
* * * LOW HITPOINT WARNING * * *
You see here a flail.
The orc priest invokes the aid of Beogh against you.
Something smites you!
You die...

................##)#...#...#...#)
...#.............#.#####)))#####)
..####.............## #8..)8# ##)
..# ##.8...........###.....###..
..######..........#...##'')##...)
).##..8.∩.8......g..#.o..........
..#...##.#.......o.####.8.8......
..#...##8.......)####.##.........
..#...<#........@.##.............
.................##.............#
................)#...............
..........................#####..
..............##.o.......##...##.
#.........#.###..........#.....#.
#........##.# ##.####....#._8.)#.
.........#### ### #....#...))(.
##........# ##...##...##.


You could see an orc priest, a gnoll and an orc.

Vanquished Creatures
  An orc warlord (Orc:4)
  Gastronok (Lair:3)
  2 hydras
  The ghost of Heini the Basher, an experienced MiFi (D:7)
  3 orc sorcerers
  A hill giant (D:8)
  The ghost of kroki the Cleaver, an experienced MiCK of Xom (D:6)
  A spiny frog (Lair:3)
  3 black mambas (Lair:2)
  Grinder (D:3)
  2 komodo dragons (Lair:2)
  The ghost of Heini the Covered, an average MiFi (D:4)
  4 trolls
  A polar bear (Lair:2)
  A basilisk (Lair:3)
  17 yaks
  A hungry ghost (D:8)
  5 wolves (Lair:1)
  3 hippogriffs
  4 wargs
  3 water moccasins
  5 porcupines
  20 orc warriors
  3 ice beasts
  8 ogres
  2 phantoms
  2 centaurs
  5 sky beasts
  2 crocodiles
  A necrophage (D:3)
  2 big kobolds (Sewer)
  2 wandering mushrooms (D:8)
  Blork the orc (D:5)
  5 giant frogs
  A gnoll sergeant (Orc:4)
  A water moccasin zombie (D:5)
  2 scorpions
  A killer bee (Lair:1)
  A yak skeleton (D:7)
  4 crimson imps
  7 hounds
  21 orc wizards
  A gnoll shaman (D:4)
  3 iguanas
  A jelly (D:9)
  Crazy Yiuf (D:2)
  Natasha (thrice) (D:5)
  22 orc priests
  8 worker ants
  A big kobold zombie (D:6)
  7 sheep (Lair:2)
  Jessica (D:3)
  2 hound zombies
  Terence (D:2)
  14 gnolls
  9 adders
  30 green rats
  3 shadow imps
  3 giant mites (D:6)
  8 giant geckos
  2 oozes
  143 orcs
  7 ball pythons
  2 bat skeletons
  8 giant cockroaches
  17 hobgoblins
  16 jackals
  7 quokkas
  20 bats
  4 giant newts
  14 goblins
  A goblin skeleton (D:5)
  24 kobolds
  4 orc skeletons
  4 orc zombies (Orc:4)
  26 rats
  11 fungi (D:9)
581 creatures vanquished.

Vanquished Creatures (others)
  A warg zombie (Orc:4)
  An orc (Orc:3)
  A quokka (D:5)
  An orc zombie (Orc:4)
  A fungus (Lair:2)
5 creatures vanquished.

Grand Total: 586 creatures vanquished

Notes
Turn   | Place    | Note
--------------------------------------------------------------
     0 | D:1      | Heini, the Minotaur Fighter, began the quest for the Orb.
     0 | D:1      | Reached XP level 1. HP: 19/19 MP: 1/1
    59 | D:1      | Reached skill level 4 in Fighting
   122 | D:1      | Reached XP level 2. HP: 24/27 MP: 1/1
   430 | D:2      | Noticed Jessica
   451 | D:3      | Killed Jessica
   451 | D:3      | Reached XP level 3. HP: 20/34 MP: 2/2
   625 | D:2      | Noticed Crazy Yiuf
   632 | D:2      | Killed Crazy Yiuf
   632 | D:2      | Reached XP level 4. HP: 37/41 MP: 2/2
   831 | D:2      | Noticed Terence
   841 | D:2      | Killed Terence
   841 | D:2      | Reached skill level 5 in Armour
   868 | D:2      | Reached skill level 5 in Fighting
  1269 | D:3      | Reached XP level 5. HP: 42/48 MP: 2/2
  1435 | D:3      | Noticed a necrophage
  1447 | D:3      | Killed a necrophage
  1612 | D:3      | Noticed Grinder
  1623 | D:3      | Paralysed by Grinder for 5 turns
  1630 | D:3      | Killed Grinder
  1630 | D:3      | Reached skill level 6 in Fighting
  1630 | D:3      | Reached XP level 6. HP: 14/54 MP: 3/3
  1953 | D:4      | Reached XP level 7. HP: 60/60 MP: 3/3
  1977 | D:4      | Reached skill level 5 in Maces & Flails
  2009 | D:4      | Reached skill level 7 in Armour
  2149 | D:4      | Noticed Heini's ghost (average MiFi)
  2363 | D:4      | Killed Heini's ghost
  2662 | D:4      | Reached skill level 8 in Armour
  3061 | D:5      | Entered Level 5 of the Dungeon
  3133 | D:5      | Reached XP level 8. HP: 33/70 MP: 3/3
  3521 | D:5      | Found a white marble altar of Elyvilon.
  3604 | D:5      | Noticed Natasha
  3609 | D:5      | Killed Natasha
  3683 | D:5      | Noticed Natasha
  3685 | D:5      | Killed Natasha
  3724 | D:5      | Noticed Blork the orc
  3736 | D:5      | Reached skill level 9 in Armour
  3745 | D:5      | Killed Blork the orc
  4078 | D:5      | Noticed Natasha
  4083 | D:5      | Killed Natasha
  4230 | D:4      | Found a sparkling altar of Nemelex Xobeh.
  4376 | D:6      | Found a deep blue altar of Sif Muna.
  4532 | D:6      | Found a staircase to the Ecumenical Temple.
  4582 | D:6      | Reached XP level 9. HP: 76/79 MP: 4/4
  4973 | D:6      | Found a glowing drain.
  5011 | Sewer    | Entered a sewer
  5465 | Sewer    | Reached skill level 10 in Armour
  5713 | D:6      | Noticed kroki's ghost (experienced MiCK)
  5728 | D:6      | Killed kroki's ghost
  5728 | D:6      | Reached skill level 10 in Fighting
  6329 | Temple   | Entered the Ecumenical Temple
  6556 | Temple   | Became a worshipper of Warmaster Okawaru
  6678 | D:7      | Noticed Heini's ghost (experienced MiFi)
  6735 | D:7      | Killed Heini's ghost
  6735 | D:7      | Reached skill level 10 in Maces & Flails
  6735 | D:7      | Reached XP level 10. HP: 24/91 MP: 4/4
  7098 | D:7      | Found a deep blue altar of Sif Muna.
  7356 | D:7      | Found a burning altar of Makhleb.
  7606 | D:7      | Acquired Okawaru's first power
  7797 | D:8      | Found Yckeq's Assorted Antiques.
  8199 | D:8      | Reached skill level 11 in Fighting
  8206 | D:8      | Found a blossoming altar of Fedhas.
  8431 | D:8      | Noticed a hill giant
  8444 | D:8      | Killed a hill giant
  8625 | D:9      | Found a snail-covered altar of Cheibriados.
  8681 | D:9      | Found a staircase to the Lair.
  9381 | Lair:1   | Entered Level 1 of the Lair of Beasts
  9676 | Lair:1   | Noticed a four-headed hydra
  9685 | Lair:1   | Killed a four-headed hydra
  9685 | Lair:1   | Reached skill level 12 in Maces & Flails
  9685 | Lair:1   | Reached XP level 11. HP: 66/101 MP: 4/4
 10551 | Lair:2   | Noticed an eight-headed hydra
 10559 | Lair:2   | Killed an eight-headed hydra
 10801 | Lair:2   | Reached skill level 13 in Maces & Flails
 11220 | Lair:2   | Acquired Okawaru's second power
 11755 | Lair:3   | Noticed Gastronok
 11756 | Lair:3   | Got a pair of crude boots
 11777 | Lair:3   | Killed Gastronok
 11781 | Lair:3   | Received a gift from Okawaru
 11815 | Lair:3   | Identified the cursed -1 pair of boots "Chiuxy" {Dex-4 Int+1} (You found it on level 3 of the Lair of Beasts)
 11848 | Lair:3   | Noticed Fannar
 12037 | D:10     | Entered Level 10 of the Dungeon
 12097 | D:10     | Found a staircase to the Orcish Mines.
 12104 | D:10     | Reached XP level 12. HP: 67/112 MP: 5/5
 12201 | Orc:1    | Entered Level 1 of the Orcish Mines
 12206 | Orc:1    | Reached skill level 14 in Maces & Flails
 12951 | Orc:2    | Found a burning altar of Makhleb.
 13150 | Orc:3    | Found Gaopauqe's Weapon Emporium.
 13228 | Orc:3    | Found a staircase to the Elven Halls.
 13230 | Orc:3    | Found Prikeve's Magic Scroll Shoppe.
 13303 | Orc:3    | Found a roughly hewn altar of Beogh.
 13562 | Orc:3    | Found Chuugh's Gadget Shoppe.
 13720 | Orc:3    | Found Xaillos' Food Shoppe.
 14045 | Orc:4    | Entered Level 4 of the Orcish Mines
 14427 | Orc:4    | Found Leukaf's Assorted Antiques.
 14641 | Orc:4    | Found a roughly hewn altar of Beogh.
 14682 | Orc:4    | Found a roughly hewn altar of Beogh.
 14758 | Orc:4    | Received a gift from Okawaru
 14761 | Orc:4    | Got a twisted scale mail {god gift}
 14772 | Orc:4    | Identified the -4 scale mail of the Raven {Dex+4 Int+3} (Okawaru gifted it to you on level 4 of the Orcish Mines)
 15329 | Orc:4    | Found Vig Riasch's Antique Weapon Shoppe.
 15329 | Orc:4    | Found a roughly hewn altar of Beogh.
 15331 | Orc:4    | Found Crai's Antique Armour Emporium.
 15362 | Orc:4    | Noticed an orc warlord
 15377 | Orc:4    | Killed an orc warlord
 15377 | Orc:4    | Reached skill level 15 in Maces & Flails
 15529 | Orc:4    | Found a roughly hewn altar of Beogh.
 15619 | Orc:4    | HP: 5/114 [orc priest/divine providence (9)]
 15620 | Orc:4    | Killed from afar by an orc priest

Action                   |  1- 3 |  4- 6 |  7- 9 | 10-12 || total
-------------------------+-------+-------+-------+-------++-------
Melee: Flail             |    80 |   125 |   507 |   104 ||   816
       Morningstar       |       |       |       |   982 ||   982
Invok: Heroism           |       |       |       |     1 ||     1
  Use: Scroll            |     2 |     3 |     5 |    16 ||    26
       Potion            |       |     1 |     3 |     5 ||     9
  Eat: Chunk             |       |     3 |    16 |    30 ||    49
